Map: Bel'Shir Vestige LE (Void)

Players

GAMETIME

  • Race: Zerg Zerg
  • Spawn Location: 11:00

iaguz - Winner!

  • Race: Terran Terran
  • Spawn Location: 5:00

Event: WCS Austin 2017

VOD

Have the link to the VOD?

Description

Time

  • Played on: April 28, 2017, 8:46 p.m.
  • Length: 11:10

All games in this series

Show
View Real Time Build Order
Export as new Build Order

GAMETIME Zerg 

Build Orders: Hatch First 

Get SALT Encoding   

  12  0:00  Drone  
  13  0:15  Overlord  
  13  0:19  Drone  
  14  0:33  Drone x2  
  16  0:37  Drone  
  17  0:53  Hatchery  
  16  0:57  Drone  
  16  0:59  Drone  
  18  1:11  Extractor  
  18  1:14  Spawning Pool  
  18  1:17  Drone  
  17  1:21  Drone  
  18  1:30  Drone  
  19  1:41  Overlord  
  19  2:01  Queen, Zergling x2  
  19  2:03  Zergling x2  
  19  2:05  Queen, Zergling x2  
  26  2:11  Metabolic Boost  
  26  2:14  Drone  
  27  2:16  Drone  
  28  2:24  Drone  
  29  2:32  Drone  
  30  2:38  Drone x2  
  30  2:39  Spore Crawler  
  30  2:43  Queen  
  33  2:46  Overlord  
  33  2:54  Lair  
  33  2:55  Drone  
  33  2:56  Drone  
  35  2:59  Drone  
  36  3:07  Drone  
  36  3:10  Overlord, Extractor  
  36  3:13  Drone x3  
  36  3:15  Drone  
  36  3:17  Drone  
  41  3:23  Drone x2  
  41  3:25  Drone  
  44  3:31  Drone  
  45  3:36  Overlord  
  45  3:38  Extractor  
  44  3:41  Extractor  
  44  3:43  Drone x4  
  44  3:44  Drone  
  44  3:46  Drone  
  44  3:47  Drone  
  50  3:55  Spire  
  49  4:01  Drone x2  
  51  4:09  Hatchery  
  50  4:11  Drone  
  50  4:13  Drone  
  52  4:17  Overlord  
  52  4:20  Overlord  
  52  4:23  Zergling x2  
  53  4:25  Zergling x2  
  53  4:28  Zergling x4  
  56  4:32  Zergling x4  
  56  4:35  Zergling x2  
  59  4:40  Zergling x2  
  60  4:46  Overlord  
  60  4:47  Zergling x2  
  60  4:48  Zergling x8  
  60  4:52  Zergling x4  
  67  4:59  Zergling x2  
  68  5:08  Mutalisk  
  68  5:09  Mutalisk  
  68  5:13  Mutalisk  
  68  5:18  Mutalisk  
  65  5:21  Mutalisk x4  
  65  5:24  Drone  
  65  5:25  Drone  
  65  5:26  Drone  
  76  5:30  Mutalisk  
  76  5:38  Drone x2  
  76  5:39  Drone  
  76  5:42  Queen  
  81  5:43  Drone  
  81  5:44  Drone  
  81  5:47  Drone  
  84  5:53  Drone  
  84  5:56  Drone  
  86  6:00  Drone  
  86  6:02  Drone x2, Evolution Chamber  
  86  6:03  Evolution Chamber  
  87  6:05  Drone x2  
  87  6:09  Drone  
  87  6:10  Roach Warren  
  87  6:11  Drone  
  90  6:15  Drone  
  90  6:21  Overlord x3  
  89  6:26  Overlord  
  89  6:28  Zerg Missile Weapons Level 1  
  89  6:30  Zerg Ground Armor Level 1  
  89  6:39  Drone x2  
  89  6:40  Drone  
  89  6:41  Drone x2  
  89  6:42  Overlord  
  89  6:45  Drone  
  93  6:52  Glial Reconstitution  
  93  6:54  Roach x2  
  95  6:56  Roach  
  95  6:59  Roach x2  
  95  7:00  Hatchery  
  102  7:01  Overlord  
  102  7:03  Roach  
  102  7:05  Roach  
  106  7:14  Roach  
  108  7:21  Roach  
  108  7:22  Roach x8  
  126  7:25  Overlord  
  126  7:26  Overlord  
  126  7:28  Ravager x3  
  129  7:39  Overlord  
  129  7:40  Overlord x2  
  129  7:43  Roach  
  137  7:44  Roach x3  
  137  7:50  Roach x2  
  137  7:51  Roach x2  
  145  7:52  Overlord  
  145  7:56  Overlord x3  
  145  7:57  Roach  
  145  7:59  Roach  
  145  8:01  Roach  
  145  8:04  Roach x2  
  153  8:06  Ravager x3  
  153  8:07  Ravager x2  
  153  8:09  Overlord  
  153  8:11  Roach  
  153  8:12  Roach  
  162  8:16  Roach  
  162  8:17  Roach  
  166  8:21  Roach x2  
  166  8:23  Roach  
  166  8:24  Overlord  
  172  8:27  Drone x4  
  172  8:28  Extractor  
  172  8:30  Extractor  
  172  8:33  Roach x3  
  173  8:36  Roach  
  173  8:40  Roach  
  173  8:41  Roach x2  
  157  8:44  Roach x2  
  139  8:49  Roach  
  139  8:51  Roach  
  139  8:52  Roach  
  139  8:54  Roach  
  134  8:55  Roach  
  134  8:58  Roach  
  134  9:02  Roach x2  
  134  9:05  Drone x3  
  134  9:09  Roach x2  
  141  9:12  Roach  
  141  9:16  Roach  
  145  9:18  Roach  
  145  9:23  Roach  
  145  9:24  Roach x3  
  155  9:26  Roach  
  155  9:31  Roach  
  157  9:32  Overseer  
  157  9:35  Roach x4  
  157  9:36  Roach  
  163  9:41  Roach x3  
  163  9:42  Roach x2  
  163  9:43  Roach  
  175  9:46  Roach  
  175  9:47  Roach  
  175  9:48  Roach  
  175  9:52  Roach x2  
  185  9:54  Roach  
  185  9:56  Roach  
  185  9:57  Roach  
  181  10:00  Roach  
  150  10:08  Roach  
  150  10:09  Roach x4  
  150  10:10  Roach  
  150  10:11  Roach  
  132  10:14  Roach  
  132  10:16  Queen, Roach  
  132  10:20  Roach  
  132  10:21  Roach x2  
  136  10:22  Ravager  
  136  10:24  Ravager  
  136  10:25  Roach  
  136  10:27  Roach  
  144  10:33  Roach x2  
  144  10:34  Roach  
  144  10:35  Roach  
  140  10:36  Roach  
  140  10:37  Roach  
  140  10:38  Roach  
  140  10:39  Roach  
  140  10:42  Roach  
  150  10:44  Roach x2  
  150  10:46  Roach  
  150  10:47  Roach  
  158  10:50  Roach  
  158  10:51  Roach  
Show
View Real Time Build Order
Export as new Build Order

iaguz Terran - Winner!

Build Orders: Reaper Expand, MMM Bio 

Get SALT Encoding   

  12  0:00  SCV  
  13  0:12  SCV  
  14  0:17  Supply Depot  
  14  0:24  SCV  
  15  0:38  SCV  
  15  0:40  Barracks  
  16  0:45  Refinery  
  16  0:50  SCV  
  17  1:02  SCV  
  18  1:14  SCV  
  19  1:27  Orbital Command  
  19  1:31  Reaper  
  20  1:37  Command Center  
  20  1:48  Barracks  
  20  1:52  SCV  
  21  1:59  Supply Depot  
  21  2:03  Barracks Reactor  
  21  2:05  SCV  
  22  2:10  Refinery  
  22  2:18  SCV  
  23  2:24  Factory  
  23  2:30  SCV  
  23  2:36  Barracks Tech Lab  
  24  2:42  SCV  
  25  2:45  Marine  
  25  2:46  Marine  
  28  2:52  Orbital Command  
  28  2:56  SCV  
  28  2:59  Marine  
  28  3:01  Stimpack  
  28  3:03  Marine x2  
  31  3:15  SCV  
  31  3:16  Starport  
  31  3:19  Marine  
  33  3:21  Marine  
  33  3:23  Factory Reactor  
  33  3:24  Marine  
  33  3:26  SCV  
  36  3:30  Supply Depot  
  36  3:32  SCV  
  37  3:37  Marine  
  37  3:39  Marine  
  39  3:44  SCV  
  39  3:45  Marine, SCV  
  41  3:55  Marine  
  42  3:57  Marine  
  42  3:58  SCV x2  
  45  4:03  Marine  
  45  4:04  Medivac x2  
  45  4:07  Supply Depot  
  50  4:10  SCV x2  
  50  4:14  Marine  
  50  4:15  Supply Depot  
  53  4:17  Marine  
  54  4:28  Marine, SCV x2  
  57  4:32  Marine  
  58  4:40  SCV x2  
  58  4:41  Command Center  
  58  4:45  Marine  
  61  4:47  Engineering Bay x2  
  61  4:49  Marine  
  61  4:52  SCV x2  
  64  4:58  Marine  
  65  5:02  Supply Depot  
  65  5:03  Supply Depot  
  65  5:04  Combat Shields, Marine, SCV x2  
  68  5:08  Marine  
  69  5:16  SCV  
  69  5:20  SCV  
  69  5:23  Marine x2  
  69  5:24  Medivac x2  
  69  5:27  Terran Infantry Weapons Level 1  
  73  5:30  SCV  
  73  5:37  Missile Turret  
  73  5:39  Terran Infantry Armor Level 1, Missile Turret  
  73  5:42  SCV  
  74  5:49  Marine x2  
  76  5:50  Marine  
  76  5:53  Factory Reactor, Barracks  
  76  5:54  Barracks x2, SCV  
  76  5:55  SCV  
  79  5:58  Orbital Command  
  79  6:06  SCV  
  79  6:07  SCV  
  81  6:11  Refinery  
  81  6:12  Refinery  
  81  6:15  Marine x3  
  84  6:22  SCV  
  84  6:23  SCV  
  86  6:32  Marine  
  86  6:33  Marine  
  86  6:37  Starport Reactor  
  86  6:39  Marine  
  88  6:40  Widow Mine x2  
  88  6:43  Barracks Reactor x2  
  88  6:46  SCV x2  
  94  6:49  Supply Depot  
  94  6:50  Marine, Armory  
  94  6:51  Marine x3  
  98  6:57  Marine  
  98  6:59  SCV  
  98  7:00  SCV  
  100  7:02  Orbital Command  
  100  7:08  Marine  
  100  7:11  Marine x3  
  100  7:15  Marine  
  103  7:23  Widow Mine, Marine x4  
  103  7:28  Widow Mine, Medivac x2  
  103  7:29  SCV x2  
  117  7:34  SCV  
  117  7:35  Supply Depot x2  
  118  7:37  Supply Depot  
  118  7:39  Marauder, Marine x4  
  118  7:40  Concussive Shells  
  118  7:42  Terran Infantry Weapons Level 2, Missile Turret  
  118  7:43  SCV  
  125  7:45  Terran Infantry Armor Level 2  
  125  7:49  SCV  
  125  7:55  Widow Mine  
  125  7:56  Marine x4  
  129  7:59  Widow Mine, Marine x3  
  129  8:01  Medivac  
  129  8:02  Marauder  
  137  8:05  Marine  
  138  8:14  Medivac, Marine x2  
  138  8:18  Barracks  
  142  8:20  Barracks  
  142  8:22  Marine x2  
  142  8:23  Marauder  
  146  8:27  Barracks, Marine  
  146  8:28  Marine x2  
  149  8:35  Widow Mine  
  149  8:36  Marine  
  149  8:37  Widow Mine  
  140  8:43  Marine x3  
  140  8:44  Medivac, Marine  
  140  8:45  Marauder  
  123  9:00  Marine x2  
  123  9:01  Marine  
  124  9:06  Marauder, Marine  
  124  9:07  Barracks Tech Lab x2, Marine x2, Widow Mine  
  131  9:13  Command Center  
  131  9:16  Supply Depot, Marine x2  
  130  9:18  Supply Depot  
  130  9:19  Supply Depot  
  130  9:20  Supply Depot  
  130  9:21  Medivac x2  
  132  9:27  Marauder  
  132  9:29  Marine x2  
  132  9:30  Marauder  
  136  9:33  Widow Mine, Marine x3  
  136  9:34  Marauder, Marine  
  136  9:36  Widow Mine  
  146  9:40  Marine  
  146  9:41  Marine  
  146  9:47  Marine  
  146  9:48  Barracks Tech Lab, Marine  
  146  9:49  Marauder  
  146  9:51  Marauder, Marine x2  
  154  9:53  Marine x2  
  154  9:54  Medivac  
  154  9:55  Marauder  
  154  9:58  Marine  
  159  10:06  Marine  
  139  10:07  Marauder, Marine x2  
  139  10:08  Widow Mine x2  
  139  10:09  Marine  
  139  10:10  Marauder  
  139  10:11  Medivac, Marine  
  139  10:13  Marauder  
  142  10:16  Marauder  
  142  10:19  Marine  
  142  10:20  Marine  
  148  10:28  Marauder  
  148  10:31  Marauder  
  139  10:36  Widow Mine, Marauder, Marine x5  
  139  10:37  Marine  
  139  10:38  Marauder  
  151  10:44  Marine x2  
Tags
 
Add a new tag
Caveats
  • Supply blocks, unpowered buildings, or Contaminate may cause inaccurate times.
  • Supply counts are checked every 10 seconds.